 Dungeon Crawl Stone Soup version 0.30.0-10-gfe55d96785 (webtiles) character file.

Game seed: 1627007703054468249

66 Irreverend the Shield-Bearer (level 3, -3/37 HPs)
             Began as a Troll Fighter on May 14, 2023.
             Killed from afar by Sigmund (6 damage)
             ... with a magic dart
             ... on level 2 of the Dungeon.
             The game lasted 00:01:25 (751 turns).

Irreverend the Shield-Bearer (Troll Fighter)         Turns: 751, Time: 00:01:26

Health: -3/37      AC:  4    Str: 24    XL:     3   Next: 96%
Magic:  2/2        EV:  8    Int:  6    God:
Gold:   90         SH:  8    Dex:  9    Spells: 2/2 levels left

rFire   . .          .
                       - Unarmed
rCold   . . .        b - +0 kite shield
rNeg    . . .        a - +0 robe
rPois   .            (helmet restricted)
rElec   .            (no cloak)
rCorr   .            (gloves unavailable)
SInv    .            (boots unavailable)
Will    .....        (no amulet)
Stlth   +            (no ring)
HPRegen 1.06/turn    (no ring)
MPRegen 0.08/turn

%: no passive effects
@: no status effects
A: large, unfitting armour, claws 3, regeneration 1, shaggy fur 1, tough skin 1
a: no special abilities


You were on level 2 of the Dungeon.
You visited 1 branch of the dungeon, and saw 2 of its levels.

You collected 90 gold pieces.

Inventory:

Armour
 a - a +0 robe (worn)
 b - a +0 kite shield (worn)
Scrolls
 e - 2 scrolls of enchant armour {unknown}
 f - 2 scrolls of identify {unknown}
 g - a scroll of blinking {unknown}
 h - a scroll of poison {unknown}
 i - a scroll of vulnerability {unknown}
Potions
 c - a potion of might
 d - 2 potions of resistance {unknown}
 j - a potion of attraction {unknown}


   Skills:
 + Level 3.0 Fighting
 - Level 2.4 Dodging
 + Level 3.3 Shields
 + Level 2.9 Unarmed Combat


You had 2 spell levels left.
You didn't know any spells.
Your spell library contained the following spells:

 Spells                   Type           Power      Damage    Failure   Level
 Freeze                   Ice            0%         1d3       71%         1
 Frozen Ramparts          Ice            0%         1d1       97%         3
 Hailstorm                Conj/Ice       0%         3d3       97%         3


Dungeon Overview and Level Annotations

Branches:
Dungeon (2/15)

Altars:

Annotations:
D:2 Sigmund


Innate Abilities, Weirdness & Mutations

You are too large for most types of armour.
You have claws for hands.
Your natural rate of healing is unusually fast.
You are covered in fur. (AC +1)
You have tough skin. (AC +1)


Message History

No target in view!
No target in view!
No target in view!
No target in view!
No target in view!
No target in view!
No target in view!
No target in view!
No target in view!
No target in view!
No target in view!
No target in view!
No target in view!
No target in view!
No target in view!
No target in view!
No target in view!
No target in view!
No target in view!
No target in view!
No target in view!
No target in view!
No target in view!
Things that are here:
a +0 short sword; a +0 chain mail; a golden potion You claw something!
Something hits you.
You miss something. Something hits you!
You miss something. Something hits you!
You miss something. You scratch something. Something hits you.
You miss something. Something hits you!
* * * LOW HITPOINT WARNING * * *
You completely miss something. You miss something. Something hits you!
* * * LOW HITPOINT WARNING * * *
You claw something!
You hear some strange, mumbled words.
A magic dart appears from out of thin air!
The magic dart hits you.
You die...

#..# #.. #...# #..##
#...# # #...# #...# $.
#.#.# #...# ##...
#.#.######...###...#
#.#.#............###
#.....####)........#
#........$.).@{..#
####.....####...........
.....#.#.# #......<##.#
########.# #..........
#.# #.......### ######
#.# #.####..# ...... ...
#.# ..# ###### #.# ...
..# #.#


There were no monsters in sight!

Vanquished Creatures
  Terence (D:2)
  3 ball pythons
  3 endoplasms (D:1)
  3 giant cockroaches (D:1)
  A hobgoblin (D:1)
  3 jackals (D:1)
  6 kobolds
  3 quokkas (D:1)
  A bat (D:2)
  4 frilled lizards (D:1)
  5 goblins
  4 rats
37 creatures vanquished.

Notes
Turn   | Place    | Note
-------+----------+-------------------------------------------
     0 | D:1      | Irreverend the Troll Fighter began the quest for the Orb.
     0 | D:1      | Reached XP level 1. HP: 22/22 MP: 0/0
   115 | D:1      | Reached XP level 2. HP: 29/29 MP: 1/1
   300 | D:1      | Reached XP level 3. HP: 34/36 MP: 2/2
   733 | D:2      | Noticed Terence
   736 | D:2      | Noticed Sigmund
   741 | D:2      | Killed Terence
   750 | D:2      | HP: 1/37 [something (7)]
   751 | D:2      | Killed from afar by Sigmund

Illustrated notes

Levels and vault maps discovered:
D:1:      dpeg_arrival_windows_large_door, layout_basic
D:2:      layout_loops_ring, uniq_natasha, uniq_sigmund, uniq_terence,
          uniq_crazy_yiuf_cottage

Skill      XL: |  1  2  3 |
---------------+----------+-----
Shields        | 3 |  3.3
Fighting       | 3 |  3.0
Dodging        | |  2.4
Unarmed Combat | |  2.9

Action                     || total
---------------------------++-------
  Melee: Unarmed           ||   115
 Armour: Robe              ||    38
  Dodge: Dodged            ||    43
  Block: Kite shield       ||    39
